Map: Catalyst LE

Players

Scarlett

  • Race: Zerg Zerg
  • Spawn Location: 11:00

uThermal - Winner!

  • Race: Terran Terran
  • Spawn Location: 5:00

Event: WCS Valencia 2018

VOD

Have the link to the VOD?

Description

Time

  • Played on: July 12, 2018, 1:34 p.m.
  • Length: 9:18

All games in this series

Show
View Real Time Build Order
Export as new Build Order

Scarlett Zerg 

Build Orders: Hatch First, Muta Ling Bane 

Get SALT Encoding   

  12  0:00  Drone  
  13  0:12  Overlord  
  13  0:17  Drone  
  14  0:31  Drone x2  
  16  0:48  Hatchery  
  15  0:52  Drone  
  15  0:55  Drone  
  17  0:59  Drone  
  18  1:11  Extractor  
  17  1:14  Spawning Pool  
  17  1:17  Drone  
  17  1:20  Drone  
  18  1:27  Drone  
  19  1:38  Drone  
  20  1:49  Overlord  
  20  2:01  Queen x2  
  22  2:02  Zergling x4  
  26  2:11  Metabolic Boost  
  26  2:12  Drone x2  
  28  2:23  Drone x2  
  30  2:32  Drone  
  31  2:39  Spore Crawler  
  31  2:40  Drone  
  32  2:45  Hatchery  
  32  2:48  Queen  
  33  2:52  Overlord  
  33  2:55  Drone  
  33  2:57  Drone  
  35  3:00  Drone  
  36  3:11  Drone x5  
  41  3:17  Overlord  
  41  3:19  Zergling x4  
  43  3:21  Drone  
  44  3:36  Overlord, Queen  
  46  3:42  Overlord  
  46  3:43  Drone x4  
  46  3:44  Drone  
  51  3:50  Overlord  
  51  3:53  Overlord  
  51  3:58  Queen  
  51  3:59  Drone x2  
  54  4:03  Drone x2  
  56  4:11  Queen  
  56  4:13  Drone  
  56  4:14  Drone x2  
  61  4:21  Zergling x12  
  65  4:34  Zergling x4  
  61  4:42  Drone x4  
  61  4:46  Drone  
  61  4:47  Spore Crawler, Drone x2  
  61  4:49  Spore Crawler  
  61  4:50  Spore Crawler  
  61  4:52  Drone x2  
  63  4:53  Drone  
  64  5:01  Lair  
  64  5:02  Drone  
  64  5:05  Drone x2  
  66  5:12  Evolution Chamber x2  
  66  5:13  Drone  
  66  5:14  Drone x4  
  67  5:18  Extractor, Drone  
  67  5:19  Drone  
  67  5:20  Drone  
  69  5:23  Drone x3  
  72  5:34  Drone x3  
  74  5:38  Drone x3  
  74  5:40  Baneling Nest, Zerg Melee Weapons Level 1  
  74  5:41  Extractor  
  75  5:43  Extractor  
  75  5:46  Zerg Ground Armor Level 1  
  75  5:47  Drone x2  
  76  5:54  Drone  
  76  5:55  Drone x3  
  77  5:59  Drone x2  
  79  6:05  Overlord  
  79  6:09  Drone x4  
  83  6:13  Extractor, Hatchery  
  83  6:14  Extractor, Drone x3  
  83  6:22  Zergling x10  
  88  6:32  Centrifical Hooks  
  88  6:36  Spire  
  88  6:38  Drone x2  
  89  6:40  Zergling x6  
  89  6:43  Overlord x5  
  92  6:52  Zergling x12  
  98  6:56  Baneling x10  
  98  6:57  Overlord  
  98  6:59  Overlord  
  98  7:02  Overlord  
  98  7:03  Zergling x2  
  99  7:13  Zergling x12  
  100  7:42  Hatchery, Zergling x14  
  106  7:44  Drone x9  
  106  7:45  Drone  
  116  7:51  Pneumatized Carapace  
  116  7:52  Mutalisk, Overseer  
  116  7:53  Mutalisk x2  
  122  8:01  Mutalisk x2, Overlord  
  126  8:06  Extractor  
  126  8:07  Drone x2  
  126  8:08  Drone x5  
  126  8:10  Extractor  
  131  8:13  Drone  
  131  8:14  Drone x4  
  131  8:19  Mutalisk x2  
  136  8:23  Infestation Pit  
  139  8:29  Baneling x4  
  139  8:30  Baneling x2  
  139  8:32  Zergling x16  
  146  8:35  Zergling x2  
  146  8:36  Zergling x4  
  146  8:37  Mutalisk  
  150  8:43  Baneling x3  
  150  8:44  Baneling x2  
  150  8:48  Zergling x14  
  151  8:51  Zergling x4  
Show
View Real Time Build Order
Export as new Build Order

uThermal Terran - Winner!

Build Orders: Hellion Opening, Reaper Expand, MMM Bio 

Get SALT Encoding   

  12  0:01  SCV  
  13  0:13  SCV  
  14  0:17  Supply Depot  
  14  0:25  SCV  
  15  0:38  SCV  
  15  0:40  Barracks  
  16  0:44  Refinery  
  16  0:50  SCV  
  17  1:02  SCV  
  18  1:15  SCV  
  19  1:28  Orbital Command, Reaper  
  20  1:41  Command Center  
  20  1:52  Supply Depot  
  20  1:53  SCV  
  21  1:59  Marine  
  22  2:05  SCV  
  23  2:09  Factory  
  23  2:14  Refinery  
  23  2:17  SCV  
  23  2:20  Barracks Reactor  
  24  2:29  SCV  
  25  2:42  SCV  
  26  2:52  Orbital Command  
  26  2:54  SCV  
  26  2:58  Starport  
  27  3:00  Hellion  
  27  3:01  Hellion  
  31  3:06  Barracks Tech Lab, SCV  
  32  3:14  Supply Depot  
  32  3:19  SCV x2  
  34  3:23  Hellion x2  
  38  3:31  SCV  
  39  3:41  Raven  
  41  3:42  SCV  
  41  3:43  SCV  
  41  3:45  Hellion x2  
  47  3:50  Supply Depot  
  47  3:54  SCV  
  47  3:55  SCV  
  49  4:06  SCV, Hellion x2  
  54  4:11  SCV  
  54  4:13  Command Center  
  55  4:18  SCV  
  55  4:23  Raven, SCV  
  59  4:25  Barracks Tech Lab  
  59  4:28  Supply Depot  
  59  4:30  SCV  
  62  4:35  SCV  
  60  4:42  SCV  
  55  4:48  SCV, Marine  
  55  4:49  Stimpack  
  55  4:51  Barracks  
  55  4:52  Factory Reactor, Barracks  
  51  4:54  SCV  
  51  4:59  Engineering Bay  
  52  5:00  Engineering Bay  
  52  5:05  Refinery  
  52  5:06  Refinery, SCV, Marine  
  54  5:11  SCV  
  55  5:18  Supply Depot, SCV  
  55  5:21  Starport Reactor  
  56  5:23  SCV  
  56  5:24  Marine  
  56  5:26  Orbital Command  
  58  5:30  SCV  
  59  5:38  SCV  
  59  5:41  Barracks  
  59  5:42  Siege Tank, Barracks, Marine x3  
  66  5:46  SCV  
  66  5:48  Marine  
  68  5:50  SCV, Marine  
  68  5:57  Orbital Command  
  68  5:58  SCV, Medivac x2  
  68  6:00  Marine x2  
  68  6:02  SCV  
  76  6:05  Marine  
  76  6:06  Marine  
  76  6:08  Supply Depot  
  76  6:09  Terran Infantry Weapons Level 1, Terran Infantry Armor Level 1  
  76  6:10  SCV, Marine  
  80  6:14  SCV  
  81  6:20  Marine x2  
  81  6:22  SCV  
  81  6:23  Siege Tank, Supply Depot  
  87  6:27  SCV x2  
  87  6:29  Barracks Reactor x2  
  89  6:34  SCV, Marine  
  89  6:35  Marine  
  89  6:38  Medivac  
  89  6:39  SCV x2  
  96  6:45  Supply Depot  
  96  6:46  SCV  
  97  6:48  Marine  
  97  6:49  Combat Shield, Supply Depot, Marine  
  97  6:51  SCV  
  97  6:52  SCV  
  97  6:54  Marine x2  
  101  6:57  Refinery x2  
  101  7:00  SCV, Marine  
  105  7:02  Factory  
  105  7:05  SCV  
  105  7:06  Supply Depot  
  105  7:07  SCV  
  105  7:08  Marine  
  107  7:09  Marine x2  
  107  7:12  SCV  
  107  7:14  Marine, Medivac  
  114  7:17  SCV  
  113  7:24  Marine x3  
  113  7:25  Marine x2  
  113  7:26  SCV  
  113  7:29  Marine  
  115  7:30  Siege Tank  
  115  7:31  Marine x2  
  115  7:33  Armory  
  120  7:39  Supply Depot  
  120  7:40  SCV, Marine  
  120  7:41  Supply Depot  
  120  7:42  Supply Depot, Marine x3  
  120  7:43  Marine  
  126  7:46  Factory Tech Lab  
  126  7:49  Marine  
  127  7:51  Marine x2  
  127  7:52  Medivac x2  
  127  7:57  Missile Turret, Supply Depot  
  133  8:00  Marine x2  
  135  8:05  Marine  
  135  8:06  Marine x2  
  135  8:08  Siege Tank  
  135  8:09  Siege Tank  
  135  8:10  Supply Depot  
  144  8:12  Marine  
  144  8:15  Sensor Tower  
  144  8:16  Marine x2  
  147  8:29  Marine x2  
  147  8:30  Marine  
  147  8:33  Marine  
  151  8:35  Marine x2  
  151  8:36  Supply Depot  
  151  8:40  Siege Tank  
  151  8:41  Marine x2  
  157  8:42  Marine  
  157  8:44  Supply Depot  
  157  8:46  Unknown  
  157  8:47  Marine x2  
  157  8:48  Marine  
  162  8:51  Marine  
  162  8:52  Marine  
  162  8:53  Marine  
  168  8:59  Marine x2  
  168  9:00  Marine  
Tags
 
Add a new tag
Caveats
  • Supply blocks, unpowered buildings, or Contaminate may cause inaccurate times.
  • Supply counts are checked every 10 seconds.